 Dungeon Crawl Stone Soup version 0.21-a0-201-g8501b10 (webtiles) character file.

188 Ijustatesigmund the Skirmisher (level 6, -1/50 HPs)
             Began as a Formicid Arcane Marksman on Aug 17, 2017.
             Slain by a water moccasin (4 damage)
             ... on level 4 of the Dungeon.
             The game lasted 00:07:39 (3335 turns).

Ijustatesigmund the Skirmisher (FoAM)               Turns: 3335, Time: 00:07:40

Health: -1/50      AC:  3    Str: 15    XL:     6   Next: 0%
Magic:  7/7        EV:  7    Int: 12    God:
Gold:   139        SH: 11    Dex: 13    Spells: 6/7 levels left

rFire    + + .     SeeInvis +   i - +0 halberd
rCold    . . .     Gourm    .   p - +0 large shield
rNeg     . . .     Faith    .   o - +0 leather armour {rF+}
rPois    .         Spirit   .   (helmet unavailable)
rElec    .         Reflect  .   (no cloak)
rCorr    .         Harm     .   (no gloves)
MR       .....                  (no boots)
Stlth    +.........             (no amulet)
HPRegen  0.16/turn              m - ring of protection from fire
MPRegen  0.10/turn              (no ring)

@: lethally poisoned (-1 -> -11), flying, very slightly contaminated, invisible
A: permanent stasis, dig shafts and tunnels, four strong arms, antennae 3
a: Dig, Shaft Self


You were on level 4 of the Dungeon.
You were not hungry.

You visited 1 branch of the dungeon, and saw 4 of its levels.

You collected 139 gold pieces.

Inventory:

Hand Weapons
 a - a +0 hand crossbow
 i - a +0 halberd (weapon)
Missiles
 d - 7 bolts
Armour
 e - a +0 robe
 o - a +0 leather armour of fire resistance (worn)
 p - a +0 large shield (worn)
Jewellery
 m - a ring of protection from fire (left hand)
Potions
 j - a potion of brilliance
Books
 c - a book of Debilitation

   Spells                             Type                      Level
   a - Corona                         Hexes                        1
   b - Slow                           Hexes                        2
   c - Inner Flame                    Hexes/Fire                   3
   d - Portal Projectile              Hexes/Translocation          3
   e - Cause Fear                     Hexes                        4
   f - Leda's Liquefaction            Hexes/Earth                  4
Comestibles
 b - 3 meat rations
 f - 3 bread rations
 h - 3 royal jellies


   Skills:
 + Level 4.9 Fighting
 - Level 2.2 Polearms
 - Level 2.0 Crossbows
 + Level 0.7 Armour
 - Level 1.7 Dodging
 + Level 1.0 Shields
 - Level 1.1 Spellcasting
 - Level 3.6 Hexes


You had 6 spell levels left.
You knew the following spells:

 Your Spells              Type           Power        Failure   Level  Hunger
a - Corona                Hex            #......      86%         1    ##.....


Dungeon Overview and Level Annotations

Branches:
Dungeon (3/15)

Altars:
Nemelex Xobeh


Innate Abilities, Weirdness & Mutations

You cannot be hasted, slowed, berserked, paralysed or teleported.
You can dig through walls and to a lower floor.
Your four strong arms can wield two-handed weapons with a shield.
You have a pair of large antennae on your head. (SInv)


Message History

You fade into invisibility!
* * * LOW HITPOINT WARNING * * *
You feel sick. The water moccasin barely misses you.
You block the water moccasin's attack.
You are very lightly contaminated with residual magic.
It was a potion of flight.
You feel very buoyant.
You fly up into the air.
* * * LOW HITPOINT WARNING * * *
You feel sick. The water moccasin barely misses you.
You closely miss the water moccasin.
The water moccasin is severely wounded.
* * * LOW HITPOINT WARNING * * *
You feel sick.
The water moccasin barely misses you. x2
You closely miss the water moccasin.
The water moccasin is severely wounded.
* * * LOW HITPOINT WARNING * * *
You feel sick. You block the water moccasin's attack.
The water moccasin bites you.
You die...

### .# ...
.. ... ..
#.##. #.#. #
#..##
#.##S#.##
#...@...#
####.##.....
#.# ### #.#
#.##.#
#.##.#
#.##.# ..
#.##.# .#
##.##.##.#


You could see a water moccasin.

Vanquished Creatures
  An orc wizard (D:3)
  A worker ant (D:4)
  3 gnolls (D:2)
  4 adders
  4 worms
  A dart slug (D:1)
  3 leopard geckos
  2 orcs (D:3)
  3 giant cockroaches
  7 goblins
  4 hobgoblins
  4 jackals (D:3)
  5 bats
  4 frilled lizards
  4 kobolds (D:1)
  9 rats
59 creatures vanquished.

Notes
Turn   | Place    | Note
-------+----------+-------------------------------------------
     0 | D:1      | Ijustatesigmund the Formicid Arcane Marksman began the quest for the Orb.
     0 | D:1      | Reached XP level 1. HP: 15/15 MP: 2/2
    68 | D:1      | Reached skill level 2 in Fighting
    68 | D:1      | Reached XP level 2. HP: 22/22 MP: 3/3
   451 | D:1      | Reached XP level 3. HP: 28/28 MP: 4/4
   516 | D:1      | Reached skill level 3 in Fighting
   908 | D:2      | Found a sparkling altar of Nemelex Xobeh.
  1146 | D:2      | Reached skill level 4 in Fighting
  1146 | D:2      | Reached XP level 4. HP: 32/37 MP: 1/5
  1593 | D:3      | Reached skill level 1 in Polearms
  1902 | D:2      | Reached XP level 5. HP: 43/43 MP: 6/6
  2993 | D:3      | You fall through a shaft!
  3001 | D:4      | Reached skill level 1 in Shields
  3001 | D:4      | Reached XP level 6. HP: 12/50 MP: 7/7
  3319 | D:4      | Noticed a water moccasin
  3335 | D:4      | Slain by a water moccasin

Vault maps used:
D:1:      mrwooster_arrival_statue_3, st_stairs_3, feat_on_display
D:2:      nemelex_xobeh_ov_fountains_minmay
D:3:      marbit_many_paths
D:4:      temple_green, first_bread, serial_shops,
          nicolae_shop_temple_entry_statues_fountains, uniq_grinder

Skill      XL: |  1  2  3  4  5 |
---------------+----------------+-----
Fighting       | 2 4 |  4.9
Polearms       | 1 2 |  2.2
Shields        | 1 |  1.0
Crossbows      | |  2.0
Armour         | |  0.7
Dodging        | |  1.7
Spellcasting   | |  1.1
Hexes          | |  3.6

Action                   |  1- 3 |  4- 6 || total
-------------------------+-------+-------++-------
Melee: Halberd           |       |   122 ||   122
 Fire: Hand crossbow     |    66 |     6 ||    72
 Cast: Corona            |     3 |     2 ||     5
 Abil: Dig               |     2 |       ||     2
       Shaft Self        |       |     1 ||     1
  Use: Scroll            |     2 |     5 ||     7
       Potion            |       |     4 ||     4
 Stab: Sleeping          |       |     1 ||     1
  Eat: Chunk             |       |     8 ||     8
Armor: Robe              |     3 |    10 ||    13
       Leather armour    |       |    13 ||    13
Dodge: Dodged            |     8 |    97 ||   105
Block: Large shield      |       |    37 ||    37
